 Dungeon Crawl Stone Soup version 0.32-a0-960-g3814254bd7 (webtiles) character file.

Game seed: 8816374331172115625

1500 elagabalus the Destroyer (level 8, -3/41 HPs)
             Began as a Tengu Conjurer on Apr 17, 2024.
             Was a Follower of Vehumet.
             Killed by divine providence
             ... invoked by an orc priest
              (14 damage)
             ... on level 6 of the Dungeon.
             The game lasted 00:30:32 (3623 turns).

elagabalus the Destroyer (Tengu Conjurer)           Turns: 3623, Time: 00:30:33

Health: -3/41      AC: 10    Str:  9    XL:     8   Next: 81%
Magic:  2/12       EV: 12    Int: 20    God:    Vehumet [*.....]
Gold:   195        SH:  5    Dex: 18    Spells: 4/11 levels left

rFire   + . .        q - +2 whip (vamp)
rCold   + . .        (no shield)
rNeg    . . .        d - +2 scale mail {rF+}
rPois   .            (helmet restricted)
rElec   .            (no cloak)
rCorr   .            (no gloves)
SInv    .            (boots unavailable)
Will    .....        h - amulet of reflection
Stlth   +            f - +6 ring of dexterity
HPRegen 0.26/turn    i - ring of protection from cold
MPRegen 0.13/turn

%: reflection, acrobat
@: flying
A: beak, talons 3, evasive flight, acrobatic
a: Renounce Religion


You were on level 6 of the Dungeon.
You worshipped Vehumet.
Vehumet was aware of your devotion.
You visited 2 branches of the dungeon, and saw 7 of its levels.

You collected 195 gold pieces.

Inventory:

Hand Weapons
 q - a +2 vampiric whip (weapon)
Armour
 a - a +0 robe
 d - a +2 scale mail of fire resistance (worn)
Magical Staves
 j - a staff of death
Jewellery
 c - a ring of protection from fire
 f - a +6 ring of dexterity (left hand)
 h - an amulet of reflection (around neck)
 i - a ring of protection from cold (right hand)
Wands
 o - a wand of polymorph (9)
 t - a wand of acid (27)
 u - a wand of digging (5)
Scrolls
 g - 2 scrolls of teleportation
 n - a scroll of vulnerability
 p - 3 scrolls of immolation
 w - a scroll of torment {unknown}
Potions
 b - 2 potions of magic
 e - a potion of might
 k - a potion of attraction
 l - 3 potions of curing
 m - a potion of invisibility {unknown}
 r - a potion of haste {unknown}
 s - a potion of resistance {unknown}
 v - a potion of enlightenment {unknown}


   Skills:
 - Level 7.4 Armour
 - Level 2.1 Dodging
 - Level 2.0 Stealth
 - Level 0.2 Shields
 - Level 2.0 Spellcasting
 - Level 8.0 Conjurations
 * Level 6.0 Alchemy


You had 4 spell levels left.
You knew the following spells:

 Your Spells              Type           Power      Damage    Failure   Level
a - Magic Dart            Conj           100%       1d8       3%          1
b - Searing Ray           Conj           68%        2d6       5%          2
c - Fulminant Prism       Conj/Alch      15%        3d11      45%         4

Your spell library contained the following spells:

 Spells                   Type           Power      Damage    Failure   Level
 Shock                    Conj/Air       72%        1d7       19%         1
 Foxfire                  Conj/Fire      72%        2x1d7     19%         1
 Iskenderun's Mystic Bla Conj/Tloc 18%            2d6        (+2d2     87%         4
 Call Canine Familiar     Summ           2%         N/A       95%         3
 Sigil of Binding         Hex            2%         N/A       95%         3
 Dimensional Bullseye     Hex/Tloc       1%         N/A       100%        4


Dungeon Overview and Level Annotations

Branches:
Dungeon (6/15)             Temple (1/1) D:4

Altars:
Cheibriados
Dithmenos
Elyvilon
Fedhas
Gozag
Hepliaklqana
Kikubaaqudgha
Makhleb
Nemelex Xobeh
Okawaru
Qazlal
Ru
Sif Muna
Uskayaw
Vehumet
Wu Jian
Xom
Yredelemnul
Zin
The Shining One

Shops:
D:6 ?


Innate Abilities, Weirdness & Mutations

You have a beak for a mouth.
You have claws for feet.
Your magical flight helps you evade attacks. (EV +4)
You can magically evade attacks while moving or waiting.


Message History

Press: ? - help, Q - select action, (/) - cycle Shift-Dir - straight line, f/p - bullfrog
Aim: a bullfrog (lightly wounded, 100% to hit)
The magic dart hits the bullfrog!
The bullfrog is moderately wounded.
Aiming: Magic Dart (safe; 3% risk of failure)
Press: ? - help, Q - select action, (/) - cycle Shift-Dir - straight line, f/p - bullfrog
Aim: a bullfrog (moderately wounded, 100% to hit)
The magic dart hits the bullfrog!
The bullfrog is severely wounded.
The bullfrog misses you.
You closely miss the bullfrog. You peck the bullfrog.
The bullfrog is severely wounded.
The bullfrog hits you but does no damage.
You whack the bullfrog!
You kill the bullfrog!
Vehumet accepts your kill.
You feel your power returning.
Your Alchemy skill increases to level 6!
The orc priest shouts!
The orc priest mumbles some strange prayers to Beogh against you.
Beogh smites you!
* * * LOW HITPOINT WARNING * * *
The orc priest looks encouraged for a moment.
Aiming: Magic Dart (safe; 3% risk of failure)
Press: ? - help, Q - select action, (/) - cycle Shift-Dir - straight line, f - orc priest
Aim: an orc priest, wielding a +2 trident of freezing and wearing a +0 ring mail (100% to hit)
The magic dart hits the orc priest but does no damage.
Aiming: Magic Dart (safe; 3% risk of failure)
Press: ? - help, Q - select action, (/) - cycle Shift-Dir - straight line, f/p - orc priest
Aim: an orc priest, wielding a +2 trident of freezing and wearing a +0 ring mail (100% to hit)
The magic dart hits the orc priest.
The orc priest is lightly wounded.
Aiming: Magic Dart (safe; 3% risk of failure)
Press: ? - help, Q - select action, (/) - cycle Shift-Dir - straight line, f/p - orc priest
Aim: an orc priest, wielding a +2 trident of freezing and wearing a +0 ring mail (lightly wounded, 100% to hit)
The magic dart hits the orc priest.
The orc priest is moderately wounded.
The orc priest invokes the aid of Beogh against you.
Beogh smites you!
You die...

.#...........###...
.............#.....
................... ..
#...........#..# ...##
#..............#
...#.##..............#
......................
............>.........
......?#@.............
......................
.........#............
........$...##...........
..$...#.o...#............
........................
...(<..................
....o##..........)...
....!..##...........


You could see an orc priest and an orc wizard (wandering).

Vanquished Creatures
  A black bear (D:5)
  2 phantoms (D:5)
  A bullfrog (D:6)
  A water moccasin zombie (D:4)
  3 scorpions
  2 wights (D:6)
  A howler monkey (D:5)
  2 bombardier beetles (D:5)
  2 centaur zombies (D:4)
  3 hounds (D:5)
  3 bullfrog skeletons (D:4)
  2 sleepcaps
  Ijyb (D:5)
  An iguana (D:5)
  2 orc wizards (D:5)
  2 scorpion zombies (D:4)
  2 hound zombies (D:4)
  Robin (D:3)
  A howler monkey skeleton (D:4)
  A howler monkey zombie (D:4)
  5 adders
  7 gnolls (D:3)
  A shadow imp (D:3)
  A white imp (D:5)
  2 ufetubi (D:6)
  An adder skeleton (D:4)
  5 adder zombies (D:4)
  4 ribbon worms
  6 orcs
  3 endoplasms
  2 giant cockroaches
  12 goblins
  12 hobgoblins
  4 kobolds
  4 quokkas
  6 ball pythons
  5 bats
  2 frilled lizards (D:3)
  2 quokka skeletons (D:4)
  A quokka zombie (D:4)
  2 rats (D:1)
121 creatures vanquished.

Vanquished Creatures (others)
  A goblin (D:5)
1 creature vanquished.

Grand Total: 122 creatures vanquished

Notes
Turn   | Place    | Note
-------+----------+-------------------------------------------
     0 | D:1      | elagabalus the Tengu Conjurer began the quest for the Orb.
     0 | D:1      | Reached XP level 1. HP: 10/10 MP: 4/4
   243 | D:1      | Reached XP level 2. HP: 15/15 MP: 0/6
   246 | D:1      | Learned a level 2 spell: Searing Ray
   310 | D:1      | Reached skill level 6 in Conjurations
   648 | D:2      | Reached skill level 1 in Armour
   657 | D:2      | Reached XP level 3. HP: 11/19 MP: 2/7
  1190 | D:3      | Reached XP level 4. HP: 24/24 MP: 3/8
  1327 | D:3      | Reached XP level 5. HP: 27/28 MP: 4/9
  1333 | D:3      | Learned a level 4 spell: Fulminant Prism
  1531 | D:3      | Noticed Robin
  1548 | D:3      | Killed Robin
  1588 | D:3      | Reached skill level 5 in Armour
  1729 | D:4      | Reached XP level 6. HP: 15/32 MP: 5/10
  1987 | D:4      | Gained mutation: Your magical flight helps you evade
                  | attacks. (EV +4) [Tengu growth]
  1987 | D:4      | Reached XP level 7. HP: 14/36 MP: 1/11
  2206 | D:4      | Found a hazy altar of Hepliaklqana.
  2207 | D:4      | Found a shimmering altar of Xom.
  2207 | D:4      | Noticed a caustic shrike
  2208 | D:4      | Noticed a spectral ugly thing
  2208 | D:4      | Noticed a caustic shrike
  2380 | D:4      | Reached skill level 7 in Conjurations
  2386 | D:4      | Found a staircase to the Ecumenical Temple.
  2395 | Temple   | Entered the Ecumenical Temple
  2400 | Temple   | Became a worshipper of Vehumet
  2487 | D:5      | Entered Level 5 of the Dungeon
  2487 | D:5      | Found a blossoming altar of Fedhas.
  2657 | D:5      | Noticed Ijyb
  2671 | D:5      | Killed Ijyb
  2672 | D:5      | Reached skill level 8 in Conjurations
  2699 | D:5      | Reached skill level 1 in Alchemy
  2703 | D:5      | Found a shimmering blue altar of Sif Muna.
  2741 | D:5      | Reached XP level 8. HP: 41/41 MP: 3/12
  2805 | D:5      | Found a stormy altar of Qazlal.
  2815 | D:5      | Found a basalt altar of Yredelemnul.
  2927 | D:5      | Got Sif Muna's Textbook on the Torch
  2981 | D:5      | Found an iron altar of Okawaru.
  3005 | D:5      | Reached * piety under Vehumet
  3005 | D:5      | Offered knowledge of Shock by Vehumet.
  3215 | D:5      | Found a burning altar of Makhleb.
  3217 | D:5      | Found a glowing silver altar of Zin.
  3217 | D:5      | Noticed an angel
  3230 | D:5      | Noticed a cacodemon
  3555 | D:6      | Found Ymoedaas's Magic Scroll Emporium.
  3562 | D:6      | Reached skill level 5 in Alchemy
  3623 | D:6      | Killed from afar by an orc priest

Illustrated notes

Levels and vault maps discovered:
D:1:      dpeg_arrival_pond, layout_basic, minmay_misc_feat_enclosed,
          hangedman_decor_growths
D:2:      layout_loops_ring
D:3:      layout_rooms, minmay_misc_feat_pillars, uniq_robin
D:4:      layout_basic, regret_index_temple_of_mockery,
          minmay_temple_entry_waves, serial_undead, serial_undead_f,
          serial_undead_b, serial_undead_e, serial_undead_f, serial_undead_e,
          serial_undead_d, serial_undead_e, corexii_mini_fake_secret_closet
D:5:      layout_basic, grunt_temple_overflow_order_and_chaos_2, led_sif_book,
          fedhas_altar_3, mainiacjoe_overflow_surrounded_room,
          amethyst_overflow_temple_binary, nicolae_goblin_pals
D:6:      layout_cave_pools, serial_shops, nicolae_shop_statue_plus
Temple:   nicolae_temple_ecumenical_triangle

Skill      XL: |  1  2  3  4  5  6  7  8 |
---------------+-------------------------+-----
Conjurations   | 6 8 |  8.0
Armour         | 1 3 4 5 7 |  7.4
Alchemy        | 2 6 |  6.0
Dodging        | |  2.1
Stealth        | |  2.0
Shields        | |  0.2
Spellcasting   | |  2.0

Action                     |  1- 3 |  4- 6 |  7- 9 || total
---------------------------+-------+-------+-------++-------
  Melee: Unarmed           |     3 |       |       ||     3
         Kick              |     4 |    36 |    25 ||    65
         Peck              |     3 |    23 |    20 ||    46
         Whip              |     6 |    78 |    88 ||   172
   Cast: Magic Dart        |    42 |    30 |    73 ||   145
         Searing Ray       |     1 |     7 |    11 ||    19
    Use: Scroll            |     2 |     6 |     5 ||    13
   Stab: Sleeping          |     1 |       |       ||     1
 Armour: Robe              |     2 |       |       ||     2
         Scale mail        |    14 |    91 |    74 ||   179
  Dodge: Dodged            |    23 |    83 |    69 ||   175
  Block: Other             |     6 |    24 |    23 ||    53
         Reflection        |     2 |       |     3 ||     5

Table legend: (Time is in decaauts)
 A = Elapsed time spent in this place.
 B = Non-inter-level travel time spent in this place.
 C = Inter-level travel time spent in this place.
 D = Time resting spent in this place.
 E = Time spent auto-exploring this place.
 F = Levels seen in this place.
 G = Mean time per level.
                   A        B        C        D        E       F      G
               +--------+--------+--------+--------+--------+-----+--------+
         Total |   3638 |   3638 |      0 |     61 |      0 |   7 |  519.7 |
       Dungeon |   3627 |   3627 |      0 |     61 |      0 |   6 |  604.5 |
        Temple |     10 |     10 |      0 |      0 |      0 |   1 |   10.0 |
               +--------+--------+--------+--------+--------+-----+--------+

Top non-repeatable levels by time:
     D:5: 1072 daAuts
     D:4: 787 daAuts
     D:1: 614 daAuts
     D:2: 564 daAuts
     D:3: 519 daAuts
     D:6: 68 daAuts
  Temple: 10 daAuts
